[Event "27th CRO-chT Women 2018"]
[Site "Biograd"]
[Date "2018.09.09"]
[Round "2.5"]
[White "Krivec, Jana"]
[Black "Lakos, Nikoletta"]
[Result "1/2-1/2"]
[ECO "B07"]
[WhiteElo "2185"]
[BlackElo "2258"]
[Annotator "NA"]
[PlyCount "39"]
[EventDate "2018.09.08"]
[EventType "team-tourn"]
[EventCountry "CRO"]
[SourceTitle "playchess.com"]
[Source "ChessBase"]
[SourceQuality "1"]
[TimeControl "40/5400+30:1800+30"]

1. e4 d6 2. d4 Nf6 3. Nc3 Nbd7 4. Nge2 e5 5. g3 c6 6. Bg2 b5 7. O-O Be7 8. h3 O-O 9. g4 b4 10. Nb1 d5 11. exd5 Nxd5 12. c4 bxc3 13. Nbxc3 Nxc3 14. bxc3 Ba6 15. Bxc6 Rc8 16. Bg2 exd4 17. cxd4 Nb6 18. Re1 Bb4 19. Bd2 Bxe2 20. Rxe2 1/2-1/2

[Event "27th CRO-chT Women 2018"]
[Site "Biograd"]
[Date "2018.09.09"]
[Round "2.7"]
[White "Starcevic, Andrea"]
[Black "Sambolec, Andreja"]
[Result "1-0"]
[ECO "A21"]
[WhiteElo "1893"]
[BlackElo "1864"]
[Annotator "NA"]
[PlyCount "79"]
[EventDate "2018.09.08"]
[EventType "team-tourn"]
[EventCountry "CRO"]
[SourceTitle "playchess.com"]
[Source "ChessBase"]
[SourceQuality "1"]
[TimeControl "40/5400+30:1800+30"]

1. c4 f5 2. Nc3 Nf6 3. g3 g6 4. Bg2 Bg7 5. e3 O-O 6. Nge2 e5 7. d3 c6 8. O-O Na6 9. Rb1 d5 10. cxd5 cxd5 11. b4 Be6 12. b5 Nc7 13. d4 Ne4 14. Qd3 Qd7 15. a4 Rac8 16. Ba3 Rf7 17. Rfc1 Ne8 18. Bb2 N8d6 19. dxe5 Bxe5 20. Nd4 Nc4 21. Ba1 Rd8 22. Nxe6 Qxe6 23. Ne2 Rfd7 24. Bxe5 Qxe5 25. Nd4 Nc5 26. Bxd5+ Qxd5 27. Qxc4 Qxc4 28. Rxc4 b6 29. Rbc1 Nd3 30. R1c3 Nc5 31. Kg2 Kg7 32. Rxc5 Rxd4 33. exd4 bxc5 34. dxc5 Kf7 35. c6 Rc8 36. Rd3 Rc7 37. Kf3 Ke6 38. Ke3 a6 39. Kd4 Kd6 40. Kc4+ 1-0

[Event "27th CRO-chT Women 2018"]
[Site "Biograd"]
[Date "2018.09.09"]
[Round "2.9"]
[White "Rozman, Monika"]
[Black "Nikolova, Adriana"]
[Result "1-0"]
[ECO "B56"]
[WhiteElo "2037"]
[BlackElo "2281"]
[Annotator "NA"]
[PlyCount "157"]
[EventDate "2018.09.08"]
[EventType "team-tourn"]
[EventCountry "CRO"]
[SourceTitle "playchess.com"]
[Source "ChessBase"]
[SourceQuality "1"]
[TimeControl "40/5400+30:1800+30"]

1. e4 c5 2. Nf3 Nc6 3. d4 cxd4 4. Nxd4 Nf6 5. Nc3 d6 6. Be3 e5 7. Nf3 Be6 8. Bb5 Be7 9. O-O O-O 10. Ba4 Na5 11. Bb3 Nxb3 12. axb3 a6 13. Bg5 Rc8 14. Bxf6 Bxf6 15. Qd3 Re8 16. Rfd1 Rc6 17. Nd2 Qc8 18. Nf1 Bg5 19. Ne3 Bxe3 20. fxe3 Bg4 21. Rd2 Bh5 22. Rf2 Bg6 23. b4 b5 24. Raf1 Qe6 25. Ra1 Qc8 26. Raf1 Re6 27. Nd5 h6 28. b3 Re8 29. h3 Qd8 30. g3 Qd7 31. Kh2 Kh8 32. Ra1 Qc8 33. Rd1 f5 34. exf5 e4 35. Qf1 Bf7 36. c4 bxc4 37. bxc4 Rxc4 38. Nb6 Qc6 39. Nxc4 Bxc4 40. Qe1 d5 41. Qc3 Rf8 42. Ra1 Rf6 43. Ra5 Qd7 44. Qe5 Bb5 45. g4 Qa7 46. Ra3 Bc4 47. Rc2 Qb6 48. b5 a5 49. h4 Rf8 50. g5 h5 51. f6 g6 52. Qe7 Rg8 53. f7 Qb8+ 54. Kh1 Rf8 55. Rxa5 Qc8 56. Qf6+ Kh7 57. Ra6 Qh3+ 58. Rh2 Qf1+ 59. Qxf1 Bxf1 60. Rf2 Bxb5 61. Rd6 Kg7 62. Rxd5 Bc4 63. Rd6 Bd3 64. Kg2 Rxf7 65. Rxf7+ Kxf7 66. Rf6+ Kg7 67. Kg3 Bc2 68. Kf4 Bb1 69. Ke5 Bc2 70. Rf4 Bb1 71. Kd6 Bd3 72. Ke7 Bc2 73. Rf7+ Kg8 74. Kf6 Ba4 75. Ra7 Bc6 76. Rc7 Bd5 77. Kxg6 Kh8 78. Rc8+ Bg8 79. Rxg8+ 1-0

[Event "27th CRO-chT Women 2018"]
[Site "Biograd"]
[Date "2018.09.09"]
[Round "2.11"]
[White "Ljikar, Tamara"]
[Black "Bogdanic, Katarina"]
[Result "0-1"]
[ECO "B26"]
[WhiteElo "1920"]
[BlackElo "1921"]
[Annotator "NA"]
[PlyCount "84"]
[EventDate "2018.09.08"]
[EventType "team-tourn"]
[EventCountry "CRO"]
[SourceTitle "playchess.com"]
[Source "ChessBase"]
[SourceQuality "1"]
[TimeControl "40/5400+30:1800+30"]

1. e4 c5 2. Nc3 Nc6 3. g3 g6 4. Bg2 Bg7 5. d3 d6 6. Be3 Nf6 7. h3 Rb8 8. a4 a6 9. f4 O-O 10. Nge2 Qc7 11. O-O b5 12. axb5 axb5 13. Qd2 b4 14. Nd1 Bb7 15. e5 Nd7 16. exd6 Qxd6 17. f5 Nd4 18. Bf4 Be5 19. fxg6 fxg6 20. Ne3 Bxg2 21. Nxg2 Bxf4 22. gxf4 e5 23. Ra7 exf4 24. Nxd4 Qxd4+ 25. Qf2 Qd6 26. Nxf4 Rf7 27. Rxd7 Qxd7 28. Qxc5 Rc8 29. Qxb4 Rxc2 30. Qb3 Qd4+ 31. Kh1 Qxb2 32. Qd5 Qb7 33. Qxb7 Rxb7 34. Ne6 Rf7 35. Rxf7 Kxf7 36. Ng5+ Kg7 37. d4 Rd2 38. Nf3 Rf2 39. Ng5 Rf5 40. Ne6+ Kf7 41. Nc5 Rf4 42. Nb3 Rf3 0-1

[Event "27th CRO-chT Women 2018"]
[Site "Biograd"]
[Date "2018.09.09"]
[Round "3.1"]
[White "Kejzar, Petra"]
[Black "Ivekovic, Ana"]
[Result "1/2-1/2"]
[ECO "C84"]
[WhiteElo "2067"]
[BlackElo "2118"]
[Annotator "NA RC"]
[PlyCount "61"]
[EventDate "2018.09.08"]
[EventType "team-tourn"]
[EventCountry "CRO"]
[SourceTitle "playchess.com"]
[Source "ChessBase"]
[SourceQuality "1"]
[TimeControl "40/5400+30:1800+30"]

1. e4 e5 2. Nf3 Nc6 3. Bb5 a6 4. Ba4 Nf6 5. d3 b5 6. Bb3 Be7 7. O-O d6 8. a4 Rb8 {[%emt 0:02:30] C84: Closed Ruy Lopez: Unusual White 6th moves} (8... b4 9. a5 O-O 10. Nbd2 h6 11. Re1 Rb8 12. h3 Be6 13. Ba4 Nxa5 14. d4 c5 15. dxe5 dxe5 16. Nxe5 c4 17. Qe2 Rc8 18. Ndf3 {½-½ (25) Vitiugov,N (2730)-Tomashevsky,E (2702) Satka 2018}) 9. axb5 axb5 10. c3 O-O 11. Re1 Be6 12. Bc2 h6 $146 ({Predecessor:} 12... b4 13. Nbd2 Ra8 14. Rxa8 Qxa8 15. Nf1 Rb8 16. d4 exd4 17. cxd4 b3 18. Bb1 d5 {½-½ (56) Sanchez Almeyra,J (2435)-Palma de Haro,M (2210) Mar del Plata 1994}) 13. Nbd2 Re8 14. h3 Bf8 15. d4 Bd7 16. d5 Ne7 17. Nf1 Ng6 18. g4 h5 19. g5 Nh7 20. Kh2 Be7 21. Ng3 Nxg5 22. Nxg5 (22. Nf5 $17 Nxf3+ 23. Qxf3) 22... Bxg5 23. Nxh5 Bxc1 (23... Bf4+ $142 24. Nxf4 exf4) 24. Rxc1 Qh4 25. Qf3 Rf8 26. Rg1 Kh7 27. Rg3 $15 Kh6 28. Qe3+ Kh7 29. Qf3 Kh6 30. Qe3+ Kh7 31. Qf3 1/2-1/2

[Event "27th CRO-chT Women 2018"]
[Site "Biograd"]
[Date "2018.09.09"]
[Round "3.2"]
[White "Spiranec, Noemi"]
[Black "Sulc, Gordana"]
[Result "1-0"]
[ECO "E11"]
[WhiteElo "2035"]
[BlackElo "1866"]
[Annotator "NA RC"]
[PlyCount "111"]
[EventDate "2018.09.08"]
[EventType "team-tourn"]
[EventCountry "CRO"]
[SourceTitle "playchess.com"]
[Source "ChessBase"]
[SourceQuality "1"]
[TimeControl "40/5400+30:1800+30"]

1. d4 Nf6 2. c4 e6 3. g3 Bb4+ 4. Bd2 Be7 5. Bg2 d5 6. Nf3 O-O {[%emt 0:05:30] LiveBook: 3609 Games} 7. O-O c6 8. Qc2 dxc4 {[%emt 0:02:30] E11: Bogo-Indian} (8... Nbd7 9. a4 a5 10. Na3 Ne4 11. Be3 Bd6 12. Ne1 f5 13. Nd3 Qe7 14. Rfc1 Kh8 15. Qb3 Bb8 16. Bf4 Ba7 {½-½ (53) Cheparinov,I (2712)-Inarkiev,E (2684) Ankara 2018}) 9. Qxc4 b5 10. Qc2 Bb7 11. Nc3 $146 ({Predecessor:} 11. e3 Na6 12. Ne5 Rc8 13. Nd3 Qb6 14. b4 e5 15. dxe5 {½-½ (38) Barrish,D (1766)-Steiner,B (2173) Tabor 2012}) 11... a6 12. Ne4 Nxe4 13. Qxe4 Nd7 14. Rac1 Rc8 15. b4 Re8 16. Rfd1 Nf6 17. Qb1 Nd5 18. Ne5 f6 19. Nd3 Bf8 20. e4 Nb6 21. Bc3 Nc4 22. Nb2 Nb6 23. Qc2 Rc7 24. a4 Rd7 25. a5 Nc8 26. Qb3 Kh8 27. Bh3 Qe7 (27... Nd6 $16 {ist eine bessere Verteidigung.}) 28. Nd3 Qf7 29. Nf4 Rde7 30. Bg2 e5 31. Qxf7 Rxf7 32. Nd3 exd4 33. Bxd4 Rd8 (33... Nd6 $16 34. e5 Nf5) 34. Nc5 Bxc5 35. Bxc5 Rfd7 36. Rxd7 Rxd7 37. Bh3 Rd8 38. Kf1 g6 39. Ke2 Kg7 40. Rc3 Kf7 41. Rd3 Rxd3 42. Kxd3 Ne7 43. Bxe7 Kxe7 44. Kd4 Kd6 45. f4 c5+ 46. bxc5+ Kc6 $2 (46... Ke7 {was necessary.} 47. c6 Bxc6) 47. Be6 Kc7 48. g4 h6 49. e5 fxe5+ 50. Kxe5 Bf3 51. f5 gxf5 52. gxf5 Kc6 53. Kd4 Kc7 54. f6 Kd8 55. Bc8 b4 56. Bxa6 $18 1-0

[Event "27th CRO-chT Women 2018"]
[Site "Biograd"]
[Date "2018.09.09"]
[Round "3.3"]
[White "Mican, Karmela"]
[Black "Dejanovic, Tereza"]
[Result "0-1"]
[ECO "B84"]
[WhiteElo "1890"]
[BlackElo "1815"]
[Annotator "NA RC"]
[PlyCount "100"]
[EventDate "2018.09.08"]
[EventType "team-tourn"]
[EventCountry "CRO"]
[SourceTitle "playchess.com"]
[Source "ChessBase"]
[SourceQuality "1"]
[TimeControl "40/5400+30:1800+30"]

1. e4 c5 2. Nf3 d6 3. d4 cxd4 4. Nxd4 Nf6 5. Nc3 a6 6. Be3 e6 7. Be2 Be7 8. O-O Qc7 9. f4 O-O 10. Kh1 Nbd7 {[%emt 0:02:00] LiveBook: 14 Games} 11. Bf3 Rb8 12. a4 Nc5 {[%emt 0:03:30] B84: Sicilian Scheveningen: 6 Be2 a6, lines without early Be3} (12... b6 13. Qe2 Bb7 14. Rae1 Rfe8 15. Bc1 Bf8 16. e5 Bxf3 17. Qxf3 dxe5 18. fxe5 Nxe5 19. Qg3 Nfd7 20. Bf4 f6 21. Nf3 b5 22. axb5 axb5 23. Nxe5 Nxe5 24. Rxe5 fxe5 25. Bxe5 Qc4 26. Rxf8+ {1-0 (26) Savickas,A (2358)-Gundavaa,B (2458) Beijing 2008}) 13. Qe1 e5 $146 ({Predecessor:} 13... Re8 14. Nde2 b6 15. g4 Bb7 16. Ng3 d5 17. e5 Nfe4 18. g5 {1-0 (56) Mohammad,M (2225)-Rahman,S (2247) Dhaka 2007}) 14. Nde2 b6 15. Ng3 exf4 16. Bxf4 Ne6 17. Be3 g6 18. Qd2 Bb7 19. Nd5 Bxd5 20. exd5 Nc5 21. Bd4 Nfd7 (21... Qd8 $16) 22. b4 Nb7 23. Be2 a5 24. c3 ({White should play} 24. Qe3 $18 Ne5 25. Bxb6 Qxc2 26. bxa5) 24... f5 25. Qe3 Bf6 26. Bxf6 Nxf6 27. Qd4 Rbe8 28. Bb5 Re5 29. Rae1 Rc8 30. c4 $2 (30. Re3 $11 {und Weiss ist OK.}) 30... axb4 31. Qb2 Nc5 32. Rxe5 dxe5 33. Qxb4 e4 34. Qc3 Qd6 35. Ne2 Nd3 36. Qd4 Ng4 37. g3 Nge5 38. Nf4 Nxf4 39. Rxf4 Nf3 40. Qe3 Rf8 41. Kg2 Rf7 42. Be8 Rf8 43. Bb5 g5 44. Rxf3 exf3+ 45. Qxf3 (45. Kxf3 $17 Qf6 46. c5 bxc5 47. a5) 45... Qe5 46. Qh5 f4 47. gxf4 Rxf4 48. Bd7 $2 (48. Qe8+ $19 Qxe8 49. Bxe8) 48... Qb2+ 49. Kg1 Qf2+ 50. Kh1 Qf1# 0-1

[Event "27th CRO-chT Women 2018"]
[Site "Biograd"]
[Date "2018.09.09"]
[Round "3.4"]
[White "Turk, Vesna"]
[Black "Lijic, Kristina"]
[Result "1/2-1/2"]
[ECO "D30"]
[WhiteElo "1728"]
[BlackElo "1715"]
[Annotator "NA RC"]
[PlyCount "130"]
[EventDate "2018.09.08"]
[EventType "team-tourn"]
[EventCountry "CRO"]
[SourceTitle "playchess.com"]
[Source "ChessBase"]
[SourceQuality "1"]
[TimeControl "40/5400+30:1800+30"]

1. d4 d5 2. Nf3 Nf6 3. Bg5 e6 4. e3 Be7 5. c4 c6 6. Nbd2 b6 7. Be2 Bb7 8. O-O O-O 9. a3 c5 10. Rc1 Nbd7 11. Nb1 Ne4 12. Bf4 Bd6 13. Bxd6 Nxd6 14. cxd5 Bxd5 15. Nc3 Bb7 16. Na4 Rc8 17. dxc5 Nxc5 18. Nxc5 bxc5 19. Nd2 Bd5 20. Qc2 Qb6 21. e4 Bb7 22. Kh1 Qc6 23. f3 Ba6 24. Bxa6 Qxa6 25. Qc3 Rfd8 26. Qe3 Qb6 27. Rc2 Nb7 28. Rfc1 Rd7 29. Nc4 Qd8 30. Rd2 Rxd2 31. Nxd2 e5 32. Nc4 Qd4 33. Qb3 Rd8 34. h3 Rd7 35. Qb5 Qd3 36. Qc6 Re7 37. Qc8+ Qd8 38. Qxd8+ Nxd8 39. Rd1 Nb7 40. Na5 f6 41. Nc6 Rc7 42. Nxa7 Na5 43. Nb5 Rc8 44. a4 Nc4 45. b3 Na5 46. Rd3 Kf8 47. Kg1 Ke7 48. Kf2 Rd8 49. Rc3 Rd2+ 50. Kg3 Nb7 51. Nc7 g6 52. Nd5+ Ke6 53. b4 cxb4 54. Nxb4 Rd4 55. Rc6+ Kd7 56. Rb6 Kc7 57. Rb5 Nd6 58. Nd5+ Kc6 59. Rb6+ Kc5 60. a5 f5 61. Nc7 Kc4 62. a6 Kc5 63. Rb8 Ra4 64. Ne6+ Kc6 65. Ra8 Kb6 1/2-1/2

[Event "27th CRO-chT Women 2018"]
[Site "Biograd"]
[Date "2018.09.09"]
[Round "3.7"]
[White "Radikovic, Anamarija"]
[Black "Raguz, Ivanka"]
[Result "1-0"]
[ECO "C77"]
[WhiteElo "1906"]
[BlackElo "1706"]
[Annotator "NA"]
[PlyCount "59"]
[EventDate "2018.09.08"]
[EventType "team-tourn"]
[EventCountry "CRO"]
[SourceTitle "playchess.com"]
[Source "ChessBase"]
[SourceQuality "1"]
[TimeControl "40/5400+30:1800+30"]

1. e4 e5 2. Nf3 Nc6 3. Bb5 a6 4. Ba4 Nf6 5. d3 b5 6. Bb3 {[%emt 0:00:30] LiveBook: 1431 Partien} Bc5 7. c3 O-O 8. O-O Bb6 9. h3 d6 10. Re1 Be6 11. Bc2 Qd7 12. Be3 Rab8 13. a3 a5 (13... Bxe3 $11 {bleibt in der Remisbreite.} 14. Rxe3 d5) 14. d4 $16 exd4 15. cxd4 d5 16. exd5 Bxd5 17. Ne5 Qd6 18. Nc3 Ba7 19. Rc1 Ne7 20. Bf4 Qb6 21. Nd7 Nxd7 22. Rxe7 Be6 23. Rxd7 Bxd7 24. Nd5 Qxd4 25. Bxh7+ Kh8 26. Qh5 Qxf2+ 27. Kh1 Rfe8 28. Bg6+ Kg8 29. Qh7+ Kf8 30. Qh8# 1-0

[Event "27th CRO-chT Women 2018"]
[Site "Biograd"]
[Date "2018.09.09"]
[Round "3.8"]
[White "Ivekovic, Zvjezdana"]
[Black "Muha, Magdalena"]
[Result "1-0"]
[ECO "D11"]
[WhiteElo "1703"]
[BlackElo "1839"]
[Annotator "NA"]
[PlyCount "115"]
[EventDate "2018.09.08"]
[EventType "team-tourn"]
[EventCountry "CRO"]
[SourceTitle "playchess.com"]
[Source "ChessBase"]
[SourceQuality "1"]
[TimeControl "40/5400+30:1800+30"]

1. d4 d5 2. c4 c6 3. Nf3 Nf6 4. g3 dxc4 5. Bg2 Bf5 6. O-O {[%emt 0:00:00] LiveBook: 17 Games} e6 7. Ne5 Be7 8. Nxc4 O-O 9. Nc3 Nbd7 10. e4 Bg6 11. a4 {[%emt 0:01:30] D11: Slav Defence: 3 Nf3 sidelines and 3...Nf6 4 e3 Bg4} b6 $146 ({Predecessor:} 11... Bb4 12. f3 a5 13. Qe2 Nb6 14. Be3 Nxc4 15. Qxc4 Qb6 16. Bf2 Qa6 17. Qb3 Rfd8 18. Rfd1 Qa7 {½-½ (46) Bozic,M (2456)-Stamenkovic,A (2274) Vrnjacka Banja 2010}) 12. Be3 Rc8 13. Rc1 Bb4 14. f3 Qe7 15. Na2 b5 (15... Rfd8 $16 {is a better defense.} 16. Qb3 c5) 16. Nxb4 Qxb4 17. Bd2 Qe7 18. Na5 c5 19. dxc5 Rxc5 20. Bb4 Rxc1 21. Bxe7 Rxd1 22. Rxd1 Rb8 23. Nc6 Rb7 24. axb5 h6 25. Bf1 Ne5 26. Nxe5 Rxe7 27. Nxg6 $18 (27. Kf2 $142) 27... fxg6 28. Bc4 Kf7 29. Rd6 g5 30. e5 Nd5 31. Bxd5 exd5 32. Rxd5 Ke6 33. Rc5 Kf5 34. g4+ Kf4 35. Kf2 Rd7 36. Ke2 Re7 37. Rc4+ Kxe5 38. Re4+ Kd6 39. Rxe7 Kxe7 40. Kd3 Kd6 41. Kd4 g6 42. h3 h5 43. b3 h4 44. b4 Ke6 45. Kc5 Ke5 46. b6 axb6+ 47. Kxb6 Kf4 48. Kc5 Kg3 49. b5 Kxh3 50. b6 Kg2 51. b7 h3 52. b8=Q h2 53. Qb2+ Kg1 54. Qc1+ Kg2 55. Qd2+ Kg1 56. Qxg5 h1=Q 57. Qc1+ Kg2 58. Qxh1+ 1-0

[Event "27th CRO-chT Women 2018"]
[Site "Biograd"]
[Date "2018.09.09"]
[Round "3.9"]
[White "Nikolova, Adriana"]
[Black "Repkova, Eva"]
[Result "0-1"]
[ECO "C07"]
[WhiteElo "2281"]
[BlackElo "2288"]
[Annotator "RC"]
[PlyCount "112"]
[EventDate "2018.09.08"]
[EventType "team-tourn"]
[EventCountry "CRO"]
[SourceTitle "playchess.com"]
[Source "ChessBase"]
[SourceQuality "1"]
[TimeControl "40/5400+30:1800+30"]

1. e4 e6 2. d4 d5 3. Nd2 c5 4. Ngf3 cxd4 5. exd5 Qxd5 6. Bc4 Qd6 7. O-O Nf6 8. Nb3 Nc6 9. Nbxd4 Nxd4 10. Nxd4 Bd7 11. Re1 Qc7 12. Qe2 a6 13. Bg5 O-O-O 14. a4 Bd6 15. h3 Kb8 16. Red1 Rc8 17. Bb3 Bh2+ 18. Kh1 Bf4 19. Bxf4 Qxf4 20. Nf3 Rc5 21. Rd4 Qc7 22. Rc4 Rxc4 23. Bxc4 Bc6 24. Ne5 Be4 25. f4 g5 26. Ng4 Nh5 27. Ra3 Qxf4 28. Kg1 Rd8 29. Bd3 Qc1+ 30. Kh2 Qf4+ 31. Kg1 Ng3 32. Qe1 f5 33. Nf6 Bc6 34. Rc3 h5 35. Rc4 Rd4 36. Rc5 Rxa4 37. Qe5+ Ka7 38. Qxf4 gxf4 39. Re5 Bb5 40. Bxb5 Ra1+ 41. Kf2 axb5 42. Re1 Ne4+ 43. Nxe4 Rxe1 44. Kxe1 fxe4 45. h4 Kb6 46. Kf2 Kc5 47. g4 fxg3+ 48. Kxg3 Kd4 49. Kf2 b4 50. Ke2 e3 51. Ke1 b3 52. cxb3 Kd3 53. Kd1 e2+ 54. Ke1 b6 55. b4 b5 56. b3 e5 0-1

[Event "27th CRO-chT Women 2018"]
[Site "Biograd"]
[Date "2018.09.09"]
[Round "3.10"]
[White "Medic, Mirjana"]
[Black "Berke, Ana"]
[Result "1-0"]
[ECO "A81"]
[WhiteElo "2167"]
[BlackElo "2170"]
[Annotator "ChessBase"]
[PlyCount "99"]
[EventDate "2018.09.08"]
[EventType "team-tourn"]
[EventCountry "CRO"]
[SourceTitle "playchess.com"]
[Source "ChessBase"]
[SourceQuality "1"]
[TimeControl "40/5400+30:1800+30"]

1. d4 f5 2. g3 Nf6 3. Bg2 g6 4. Nf3 Bg7 5. O-O O-O 6. b3 d6 7. Bb2 c6 8. Nbd2 Qe8 9. Qc1 h6 10. Re1 Ne4 11. Nxe4 fxe4 12. Nd2 d5 13. f3 exf3 14. exf3 Na6 15. Re2 Qf7 16. Nf1 Kh7 17. Qd2 Bd7 18. Rae1 Bf6 19. Ne3 Rae8 20. c4 Nc7 21. Qa5 Ne6 22. Qxa7 dxc4 23. Nxc4 Bc8 24. Ne5 Qg7 25. f4 Nc7 26. Qc5 Bxe5 27. Rxe5 e6 28. Qc2 Qf7 29. h4 Nd5 30. Be4 Kg7 31. Bc1 Rd8 32. Bf3 Nf6 33. Bb2 Nd5 34. Bg4 Rfe8 35. Qe2 Kf6 36. Ba3 Qd7 37. Bb2 h5 38. Bh3 Kf7 39. Rg5 Qe7 40. Bg2 Qf6 41. Be4 Rg8 42. Rf1 Rde8 43. Rf2 Rg7 44. Qd3 Rh8 45. Ba3 Rd8 46. Bc5 Bd7 47. Bd6 Rdg8 48. Be5 Qe7 49. Bxg7 Rxg7 50. Bxg6+ 1-0

[Event "27th CRO-chT Women 2018"]
[Site "Biograd"]
[Date "2018.09.09"]
[Round "3.11"]
[White "Bogdanic, Katarina"]
[Black "Roklicer, Heike"]
[Result "1-0"]
[ECO "E09"]
[WhiteElo "1921"]
[BlackElo "2042"]
[Annotator "NA RC"]
[PlyCount "69"]
[EventDate "2018.09.08"]
[EventType "team-tourn"]
[EventCountry "CRO"]
[SourceTitle "playchess.com"]
[Source "ChessBase"]
[SourceQuality "1"]
[TimeControl "40/5400+30:1800+30"]

1. Nf3 Nf6 2. c4 e6 3. g3 d5 4. d4 c6 5. Qc2 Be7 6. Bg2 O-O 7. O-O b6 8. Nbd2 Bb7 9. e4 Nbd7 10. b3 Rc8 11. Bb2 b5 $146 {[%emt 0:13:30] E09: Katalanisch} ({Vorgänger:} 11... dxe4 12. Nxe4 c5 13. Nxf6+ Nxf6 14. Rad1 cxd4 15. Bxd4 Qc7 16. Ng5 h6 17. Bxf6 hxg5 18. Bxe7 Qxe7 19. Bxb7 Qxb7 20. Rd4 e5 {½-½ (49) Swiercz,D (2620)-Bruzon Batista,L (2659) Berlin 2015}) 12. Rac1 bxc4 13. bxc4 Ba6 14. Rfe1 Bb4 15. Qa4 Qa5 16. Qxa5 Bxa5 17. Bc3 Bxc3 18. Rxc3 Bxc4 19. e5 Ng4 20. Nxc4 dxc4 21. Nd2 Nb8 (21... c5 $16 {was worth a try.}) 22. Nxc4 Nh6 23. Nd6 Rc7 24. Rec1 g6 25. d5 (25. Bxc6 $18 Nxc6 26. Rxc6 Rxc6 27. Rxc6) 25... exd5 26. Bxd5 Nd7 27. e6 ({Less strong is} 27. Bxc6 Nxe5 28. Bb5 Rxc3 $14) ({Not} 27. Rxc6 Rxc6 28. Bxc6 (28. Rxc6 Nxe5 29. Ra6 Rd8 $14) 28... Nxe5 $14) 27... fxe6 28. Bxe6+ Kg7 29. Rxc6 Rxc6 30. Rxc6 Ne5 31. Rc7+ Kh8 32. Kg2 $18 a5 33. Ne4 Nd3 34. Ng5 Rxf2+ 35. Kg1 1-0

[Event "27th CRO-chT Women 2018"]
[Site "Biograd"]
[Date "2018.09.09"]
[Round "3.12"]
[White "Smetisko, Marija"]
[Black "Golub, Nikolina"]
[Result "1/2-1/2"]
[ECO "C01"]
[WhiteElo "1900"]
[BlackElo "1839"]
[Annotator "NA"]
[PlyCount "56"]
[EventDate "2018.09.08"]
[EventType "team-tourn"]
[EventCountry "CRO"]
[SourceTitle "playchess.com"]
[Source "ChessBase"]
[SourceQuality "1"]
[TimeControl "40/5400+30:1800+30"]

1. e4 e6 2. d4 d5 3. exd5 exd5 4. Nc3 Nf6 5. Bg5 Be7 6. Bd3 Nc6 7. Nge2 Nb4 8. Ng3 Nxd3+ 9. Qxd3 h6 10. Bf4 c6 11. Nf5 Bxf5 12. Qxf5 Qd7 13. Qxd7+ Nxd7 14. O-O-O O-O $11 15. Ne2 Kh7 16. h4 Nf6 17. f3 h5 18. Ng3 g6 19. Rde1 Rfe8 20. Kd2 Bf8 21. Re2 Rxe2+ 22. Nxe2 Re8 23. Re1 Kg8 24. Nc1 Rxe1 25. Kxe1 Nd7 26. Nd3 Be7 27. g3 Kg7 28. Kd2 Nf8 1/2-1/2

[Event "27th CRO-chT Women 2018"]
[Site "Biograd"]
[Date "2018.09.10"]
[Round "4.1"]
[White "Ivekovic, Ana"]
[Black "Krivec, Jana"]
[Result "1/2-1/2"]
[ECO "A96"]
[WhiteElo "2118"]
[BlackElo "2185"]
[Annotator "NA"]
[PlyCount "52"]
[EventDate "2018.09.08"]
[EventType "team-tourn"]
[EventCountry "CRO"]
[SourceTitle "playchess.com"]
[Source "ChessBase"]
[SourceQuality "1"]
[TimeControl "40/5400+30:1800+30"]

1. d4 f5 2. g3 Nf6 3. Bg2 e6 4. c4 d6 5. Nc3 Be7 6. Nf3 O-O {[%emt 0:00:00] LiveBook: 172 Games} 7. O-O Ne4 8. Nd2 Nxc3 9. bxc3 e5 10. Qb3 Nc6 11. c5+ Kh8 12. cxd6 cxd6 13. Bb2 Qc7 14. Qc4 Qd8 $11 15. Bd5 Bd7 16. a4 Rc8 17. Qa2 exd4 18. c4 Bf6 19. Nf3 Re8 20. Bxc6 bxc6 21. Bxd4 Bxd4 22. Nxd4 Qf6 23. Rfd1 f4 24. Qd2 fxg3 25. hxg3 Bg4 26. Qf4 Qxf4 1/2-1/2

[Event "27th CRO-chT Women 2018"]
[Site "Biograd"]
[Date "2018.09.10"]
[Round "4.3"]
[White "Kuhar, Larisa"]
[Black "Starcevic, Andrea"]
[Result "*"]
[ECO "B85"]
[WhiteElo "1912"]
[BlackElo "1893"]
[Annotator "NA RC"]
[PlyCount "64"]
[EventDate "2018.09.08"]
[EventType "team-tourn"]
[EventCountry "CRO"]
[SourceTitle "playchess.com"]
[Source "ChessBase"]
[SourceQuality "1"]
[TimeControl "40/5400+30:1800+30"]

1. e4 c5 2. Nf3 e6 3. d4 cxd4 4. Nxd4 a6 5. Be2 Qc7 6. O-O Nc6 7. Be3 Nf6 8. Nc3 Be7 9. f4 d6 10. Qe1 O-O 11. Qg3 Re8 12. Rad1 {[%emt 0:10:30] B85: Sicilian Scheveningen: 6 Be2 a6, lines with early Be3} (12. Kh1 Rb8 13. Rad1 Nd7 14. f5 Nxd4 15. Bxd4 Bf8 16. Bh5 Ne5 17. f6 Ng6 18. e5 d5 19. Bxg6 hxg6 20. fxg7 Bxg7 21. Nxd5 Qxc2 22. Nf6+ Bxf6 23. exf6 e5 24. Qh4 g5 25. Qxg5+ {1-0 (25) Narayanan,S (2532)-Suarez Garcia,C (2472) Elgoibar 2017}) 12... Bf8 13. Bf3 Nxd4 $146 ({Predecessor:} 13... Bd7 14. Kh1 Rad8 15. Nb3 b5 16. a3 Bc8 17. Qf2 Nd7 18. Nd4 Bb7 19. Nxc6 Bxc6 {0-1 (88) Tzouganakis,P (1832)-Sanzhaev,D (2015) Sibenik 2007}) 14. Bxd4 e5 15. Be3 Be6 16. f5 $1 Bc4 17. Rfe1 b5 18. Bg5 Kh8 19. a3 a5 20. Bxf6 gxf6 21. Bh5 b4 22. Nd5 Bxd5 23. Rxd5 Bh6 24. Qd3 Bf8 25. Re3 bxa3 26. bxa3 Rab8 27. Qc3 Rb1+ 28. Kf2 Qb6 29. Qxa5 Qb2 30. Qc3 Qb6 (30... Bh6 $17 31. Qxb2 Bxe3+ 32. Kxe3 Rxb2) 31. Qa5 $11 (31. Bxf7 $2 Re7 $17) 31... Qb2 32. Qc3 Qb6 *

[Event "27th CRO-chT Women 2018"]
[Site "Biograd"]
[Date "2018.09.10"]
[Round "4.4"]
[White "Tomulic, Vesna"]
[Black "Dejanovic, Tereza"]
[Result "0-1"]
[ECO "B85"]
[WhiteElo "1837"]
[BlackElo "1815"]
[Annotator "NA"]
[PlyCount "66"]
[EventDate "2018.09.08"]
[EventType "team-tourn"]
[EventCountry "CRO"]
[SourceTitle "playchess.com"]
[Source "ChessBase"]
[SourceQuality "1"]
[TimeControl "40/5400+30:1800+30"]

1. e4 c5 2. Nf3 d6 3. d4 cxd4 4. Nxd4 Nf6 5. Nc3 a6 6. Be3 e6 7. Be2 Be7 8. a4 Nc6 9. Nb3 b6 10. f4 Bb7 11. Bf3 Qc7 12. O-O O-O 13. g4 Nd7 {[%emt 0:02:30] B85: Sicilian Scheveningen: 6 Be2 a6, lines with early Be3} (13... Rfe8 14. g5 Nd7 15. Bg2 Bf8 16. h4 Nb4 17. Qd2 Nc5 18. Nd4 d5 19. e5 Ne4 20. Nxe4 dxe4 21. c3 Nd3 {1-0 (45) Bernadskiy,V (2584)-Tanriverdi,E (2314) Ordu 2018}) 14. Qe1 Nc5 15. Qf2 $146 ({Predecessor:} 15. Nxc5 dxc5 16. Be2 Rad8 17. Bc4 Nd4 18. Rc1 Qc6 19. g5 b5 20. axb5 axb5 21. Bxd4 cxd4 22. Nd5 exd5 23. Bxd5 {0-1 (23) Balazec,L-Krejci,J (2185) Zlin 1996}) 15... g6 16. h4 Qd8 17. g5 h6 (17... f6 $142) 18. Rad1 ({Don't play} 18. gxh6 $6 Bxh4 19. Qh2 Qe7 $14) 18... Nd7 19. Nd2 e5 20. Nc4 exf4 21. Bxf4 hxg5 22. Bxd6 gxh4 23. Bg4 Bxd6 24. Nxd6 Nde5 25. Nxf7 Qe7 26. Nh6+ Kg7 27. Qe3 Qc5 28. Qxc5 bxc5 29. Nf5+ $19 gxf5 30. Bxf5 Nd4 31. Rf4 Rf6 32. Kf2 h3 33. Rg1+ Kf7 0-1